 Dungeon Sprint DCSS version 0.28.0-53-g5a82cb258f (webtiles) character file.

Game seed: 11498409698748257552

9100000 Zeld the Intangible (level 27, -2/228 HPs)
             Began as a Djinni Monk on June 6, 2022.
             Was the Champion of Makhleb.
             Killed by divine providence
             ... invoked by an accursed
              (8 damage)
             ... in the Dungeon (Sprint VIII: "Arena of Blood").
             The game lasted 00:02:39 (91 turns).

Zeld the Intangible (Djinni Monk)                     Turns: 91, Time: 00:02:39

Health: -2/228     AC:  4    Str: 20    XL:     27
Gold:   0          EV: 32    Int: 12    God:    Makhleb [******] SH:  0 Dex: 20

rFire   + + .      SeeInvis .   g - +∞ Axe of Woe
rCold   x . .      Faith    .   (shield currently unavailable)
rNeg    . . .      Spirit   .   a - +0 robe
rPois   ∞          Reflect  .   (no helmet)
rElec   .          Harm     .   (no cloak)
rCorr   .          Rampage  .   (no gloves)
Will    ++...      NoTele   +   (boots unavailable)
Stlth   ++++++++++              (no amulet)
HPRegen 0.48/turn               (no ring)
MPRegen 0.00/turn               (no ring)

@: marked, flying
A: sickness immunity, fire resistance 2, cold vulnerability 1, float, innate
caster, HP casting, extra vitality 1
a: Renounce Religion, Minor Destruction, Lesser Servant of Makhleb, Major
Destruction, Greater Servant of Makhleb


You were in the Dungeon.
You worshipped Makhleb.
Makhleb was exalted by your worship.
You visited 1 branch

Inventory:

Hand Weapons
 g - the +∞ Axe of Woe (weapon)
   (You found it in the Dungeon)
Armour
 a - a +0 robe (worn)
Scrolls
 f - a scroll of blinking
Potions
 b - a potion of curing
 c - a potion of heal wounds
 d - a potion of haste
 e - a potion of berserk rage


   Skills:
 O Level 27 Fighting
 O Level 27 Short Blades
 O Level 27 Long Blades
 O Level 27 Axes
 O Level 27 Maces & Flails
 O Level 27 Polearms
 O Level 27 Staves
 O Level 27 Slings
 O Level 27 Bows
 O Level 27 Crossbows
 O Level 27 Throwing
 O Level 27 Armour
 O Level 27 Dodging
 O Level 27 Stealth
 O Level 27 Shields
 O Level 27 Unarmed Combat
 O Level 27 Spellcasting
 O Level 27 Invocations
 O Level 27 Evocations


You had 12 spell levels left.
You knew the following spells:

 Your Spells              Type           Power      Damage    Failure   Level
a - Foxfire               Conj/Fire      100%       2x1d9     0%          1
b - Poisonous Vapours     Pois/Air       100%       N/A       0%          2
c - Teleport Other        Tloc           69%        N/A       0%          3
d - Animate Armour        Summ/Erth      100%       N/A       0%          4
e - Sticky Flame          Conj/Fire      69%        2d8       0%          4
f - Yara's Violent Unrav  Hex/Tmut       34%        3d14      0%          5
g - Starburst             Conj/Fire      34%        6d10      0%          6
h - Statue Form           Tmut/Erth      46%        N/A       0%          6
i - Dispersal             Tloc           34%        N/A       0%          6
j - Malign Gateway        Summ/Tloc      34%        N/A       1%          7
k - Dragon Form           Tmut           34%        N/A       1%          7
l - Infestation           Necr           34%        N/A       1%          8
m - Shatter               Erth           34%        3d28*     3%          9
Your spell library was empty.

Dungeon Overview and Level Annotations

Branches:
Dungeon (1/1)

Altars:
Makhleb

Annotations:
D The Servant


Innate Abilities, Weirdness & Mutations

You are immune to sickness and miasma.
You are immune to poison.
Your flesh is very heat resistant. (rF++)
You are vulnerable to cold. (rC-)
You float through the air rather than walking.
You learn spells naturally, not from books.
Your magical power is your life essence.
You have superior vitality. (+4 MHP)


Message History

Pain shoots through your body!!
You feel extremely nervous for a moment...
Your body is wracked with pain!
* * * LOW HITPOINT WARNING * * *
You are engulfed in blazing flames.
You resist.
* * * LOW HITPOINT WARNING * * *
The eight-headed meat hydra calls on the powers of darkness!
The eight-headed meat hydra convulses!
The bag of meat convulses! x4
The eight-headed meat hydra convulses!
The bag of meat convulses! x3
The eight-headed meat hydra convulses!
The bag of meat convulses! x3
The meat berserker convulses!
The bag of meat convulses!
Your body is wracked with pain!
* * * LOW HITPOINT WARNING * * *
The bag of meat convulses!
The dread calls on the powers of darkness!
The bag of meat convulses!
The meat berserker convulses!
The eight-headed meat hydra convulses!
The bag of meat convulses! x4
The eight-headed meat hydra convulses!
Your body is wracked with pain!
* * * LOW HITPOINT WARNING * * *
The bag of meat convulses! x2; The meat berserker convulses!
The Servant convulses!
The bag of meat convulses!
The eight-headed meat hydra convulses!
The bag of meat convulses!
The sculptor of flesh is engulfed in blazing flames.
The eight-headed meat hydra calls on the powers of darkness!
The eight-headed meat hydra convulses!
The bag of meat convulses! x8
The eight-headed meat hydra convulses!
The meat berserker convulses!
The Servant convulses!
The bag of meat convulses! x3
The eight-headed meat hydra convulses!
The bag of meat convulses!
Something is bathed in an unholy light!
The bag of meat convulses!
Your body is wracked with pain!
* * * LOW HITPOINT WARNING * * *
The bag of meat convulses! x2; The meat berserker convulses!
The bag of meat convulses!
A bag of meat comes into view. It is wielding a +9 war axe. x3
You hear a shout!
The destroyer gestures at you while chanting.
The destroyer blinks!
The accursed points at you and mumbles some strange words.
Something smites you!
You die...

..X....D.
#o.XD..o#
#XoL...o# .
O###.o.oDo.###o.
o.§.oo#o#...ooo


§oLoM§§ooO@.o. #z§○)o§§)§o #§o@§_§°§Vo oXVoo.zVo.#VWMz .D..o.o)°§Moo.○o
..z.2{W##D.O..{W .Xo#oOo ..O###.. .oXW#.. .o°. . .DX.X. ..W#V §L.... .....o.
.... You could see 3 accurseds, 2 tentacled monstrosities, a meat beast (fast),
3 tyrants, The Servant, 6 eight-headed meat hydras, 5 destroyers, 4 sculptors of
flesh, a large bag of meat (inner flame), 6 large abominations, 5 dreads, 3 meat
berserkers and 39 bags of meat.

Vanquished Creatures
  20 vampire knights (D)
  49 ogres (D)
  6 two-headed ogres (D)
  6 liches (D)
  A hydra (D)
  11 hell beasts (D)
  78 orcs (D)
  3 phantoms (D)
  10 skeletal warriors (D)
  Sigmund (D)
  6 royal mummies (D)
  5 wraiths (D)
196 creatures vanquished.

Vanquished Creatures (others)
  4 ogres (D)
  3 two-headed ogres (D)
  6 orcs (D)
13 creatures vanquished.

Grand Total: 209 creatures vanquished

Notes
Turn   | Place    | Note
-------+----------+-------------------------------------------
     0 | D        | Found the +∞ Axe of Woe
     0 | D        | Zeld the Djinni Monk began the quest for the Orb.
     0 | D        | Reached XP level 1. HP: 20/20 MP: 0/0
     3 | D        | Noticed a bag of meat
     4 | D        | Became a worshipper of Makhleb the Destroyer
     4 | D        | Reached * piety under Makhleb
     4 | D        | Reached ** piety under Makhleb
     5 | D        | Noticed a bag of meat
     6 | D        | Noticed a bag of meat
     6 | D        | Noticed a meat berserker
     6 | D        | Noticed a bag of meat
     6 | D        | Noticed a bag of meat
     7 | D        | Noticed a bag of meat
     8 | D        | Noticed a bag of meat
     8 | D        | Killed a bag of meat
     8 | D        | Noticed a meat berserker
     8 | D        | Noticed a meat berserker
     9 | D        | Reached XP level 2. HP: 40/40 MP: 0/0
     9 | D        | Reached XP level 3. HP: 45/45 MP: 0/0
     9 | D        | Learned a level 1 spell: Foxfire
     9 | D        | Reached XP level 4. HP: 51/51 MP: 0/0
     9 | D        | Reached XP level 5. HP: 57/57 MP: 0/0
     9 | D        | Learned a level 2 spell: Poisonous Vapours
     9 | D        | Reached XP level 6. HP: 63/63 MP: 0/0
     9 | D        | Reached XP level 7. HP: 68/68 MP: 0/0
     9 | D        | Learned a level 3 spell: Teleport Other
     9 | D        | Reached XP level 8. HP: 75/75 MP: 0/0
     9 | D        | Reached XP level 9. HP: 80/80 MP: 0/0
     9 | D        | Learned a level 4 spell: Animate Armour
     9 | D        | Reached XP level 10. HP: 86/86 MP: 0/0
     9 | D        | Reached XP level 11. HP: 92/92 MP: 0/0
     9 | D        | Learned a level 4 spell: Sticky Flame
     9 | D        | Killed a bag of meat
     9 | D        | Killed a bag of meat
    10 | D        | Reached skill level 10 in Spellcasting
    10 | D        | Reached XP level 12. HP: 85/105 MP: 0/0
    10 | D        | Reached XP level 13. HP: 89/111 MP: 0/0
    10 | D        | Learned a level 5 spell: Yara's Violent Unravelling
    10 | D        | Killed a bag of meat
    10 | D        | Reached *** piety under Makhleb
    10 | D        | Killed a meat berserker
    10 | D        | Noticed a meat berserker
    11 | D        | Reached XP level 14. HP: 123/123 MP: 0/0
    11 | D        | Killed a meat berserker
    11 | D        | Killed a meat berserker
    11 | D        | Reached **** piety under Makhleb
    11 | D        | Noticed a bag of meat
    11 | D        | Noticed a bag of meat
    12 | D        | Reached XP level 15. HP: 92/133 MP: 0/0
    12 | D        | Learned a level 6 spell: Starburst
    12 | D        | Killed a meat berserker
    12 | D        | Reached ***** piety under Makhleb
    13 | D        | Reached skill level 15 in Spellcasting
    13 | D        | Reached XP level 16. HP: 145/145 MP: 0/0
    15 | D        | Noticed a meat berserker
    16 | D        | Reached XP level 17. HP: 153/153 MP: 0/0
    16 | D        | Learned a level 6 spell: Statue Form
    18 | D        | Noticed a meat berserker
    19 | D        | Noticed a destroyer
    20 | D        | Killed a meat berserker
    20 | D        | Reached ****** piety under Makhleb
    21 | D        | Reached skill level 27 in Dodging
    21 | D        | Reached XP level 18. HP: 166/166 MP: 0/0
    21 | D        | Killed a meat berserker
    21 | D        | Noticed a destroyer
    21 | D        | Noticed a meat berserker
    22 | D        | Reached skill level 27 in Fighting
    22 | D        | Killed a destroyer
    25 | D        | Reached XP level 19. HP: 174/174 MP: 0/0
    25 | D        | Learned a level 6 spell: Dispersal
    25 | D        | Killed a destroyer
    26 | D        | Reached skill level 27 in Axes
    26 | D        | Reached skill level 27 in Invocations
    26 | D        | Noticed an eight-headed meat hydra
    26 | D        | Killed a meat berserker
    27 | D        | Reached XP level 20. HP: 181/181 MP: 0/0
    27 | D        | Noticed a large bag of meat
    28 | D        | Noticed a destroyer
    29 | D        | Noticed a meat berserker
    29 | D        | Noticed a large bag of meat
    30 | D        | Reached skill level 27 in Spellcasting
    30 | D        | Killed a nine-headed meat hydra
    31 | D        | Reached skill level 5 in Short Blades
    31 | D        | Reached skill level 5 in Long Blades
    31 | D        | Reached skill level 5 in Staves
    31 | D        | Reached skill level 5 in Armour
    31 | D        | Reached skill level 5 in Shields
    31 | D        | Reached skill level 5 in Evocations
    32 | D        | Killed a meat berserker
    32 | D        | Noticed a destroyer
    33 | D        | Reached XP level 21. HP: 187/187 MP: 0/0
    33 | D        | Learned a level 7 spell: Malign Gateway
    33 | D        | Noticed a large bag of meat
    33 | D        | Killed a large bag of meat
    33 | D        | Noticed a destroyer
    33 | D        | Noticed a destroyer
    34 | D        | Reached skill level 10 in Short Blades
    34 | D        | Reached skill level 10 in Long Blades
    34 | D        | Reached skill level 10 in Armour
    34 | D        | Reached skill level 10 in Shields
    34 | D        | Reached skill level 10 in Evocations
    34 | D        | Noticed a destroyer
    34 | D        | Noticed a destroyer
    34 | D        | Noticed a meat berserker
    34 | D        | Noticed a large bag of meat
    35 | D        | Killed a destroyer
    35 | D        | Noticed a meat berserker
    36 | D        | Reached skill level 10 in Slings
    36 | D        | Reached skill level 10 in Bows
    36 | D        | Reached skill level 10 in Crossbows
    36 | D        | Reached skill level 10 in Throwing
    36 | D        | Reached XP level 22. HP: 194/194 MP: 0/0
    37 | D        | Killed a destroyer
    37 | D        | Killed a meat berserker
    38 | D        | Noticed a tyrant
    38 | D        | Killed a destroyer
    39 | D        | Reached skill level 15 in Short Blades
    39 | D        | Reached skill level 15 in Long Blades
    39 | D        | Reached skill level 15 in Armour
    39 | D        | Reached skill level 15 in Shields
    39 | D        | Reached skill level 15 in Evocations
    39 | D        | Reached XP level 23. HP: 201/201 MP: 0/0
    39 | D        | Learned a level 7 spell: Dragon Form
    39 | D        | Killed a large bag of meat
    39 | D        | Noticed a destroyer
    40 | D        | Reached skill level 15 in Staves
    40 | D        | Killed a destroyer
    40 | D        | Killed a large bag of meat
    41 | D        | Reached skill level 15 in Slings
    41 | D        | Reached skill level 15 in Bows
    41 | D        | Reached skill level 15 in Crossbows
    41 | D        | Reached skill level 15 in Throwing
    41 | D        | Reached XP level 24. HP: 202/208 MP: 0/0
    42 | D        | Noticed a destroyer
    43 | D        | Killed a destroyer
    44 | D        | Killed a tyrant
    44 | D        | Noticed a tyrant
    45 | D        | Killed a destroyer
    46 | D        | Reached XP level 25. HP: 210/214 MP: 0/0
    46 | D        | Learned a level 8 spell: Infestation
    46 | D        | Noticed an accursed
    46 | D        | Noticed a tyrant
    48 | D        | Killed a tyrant
    50 | D        | Noticed a destroyer
    50 | D        | Noticed a tyrant
    51 | D        | Reached XP level 26. HP: 215/221 MP: 0/0
    51 | D        | Noticed a destroyer
    51 | D        | Noticed an accursed
    52 | D        | Killed a destroyer
    52 | D        | Killed a destroyer
    52 | D        | Noticed an accursed
    53 | D        | Killed a tyrant
    54 | D        | Reached XP level 27. HP: 226/228 MP: 0/0
    54 | D        | Learned a level 9 spell: Shatter
    54 | D        | Noticed an accursed
    54 | D        | Noticed a dread
    55 | D        | Killed an accursed
    55 | D        | Killed a tyrant
    57 | D        | Killed a destroyer
    58 | D        | Noticed a tyrant
    58 | D        | Noticed a dread
    59 | D        | Reached skill level 27 in Armour
    59 | D        | Reached skill level 27 in Shields
    59 | D        | Reached skill level 27 in Evocations
    59 | D        | Noticed a dread
    59 | D        | Killed a destroyer
    59 | D        | Noticed a destroyer
    60 | D        | Reached skill level 27 in Short Blades
    60 | D        | Reached skill level 27 in Long Blades
    61 | D        | Noticed a large bag of meat
    62 | D        | Noticed a dread
    62 | D        | Killed an accursed
    63 | D        | Reached skill level 27 in Staves
    63 | D        | Noticed The Captor
    63 | D        | Noticed an accursed
    64 | D        | Killed a dread
    64 | D        | Noticed a meat beast
    65 | D        | Reached skill level 27 in Maces & Flails
    65 | D        | Reached skill level 27 in Polearms
    65 | D        | Reached skill level 27 in Slings
    65 | D        | Reached skill level 27 in Bows
    65 | D        | Reached skill level 27 in Crossbows
    65 | D        | Reached skill level 27 in Throwing
    65 | D        | Noticed a meat beast
    67 | D        | Reached skill level 5 in Stealth
    69 | D        | Killed a dread
    69 | D        | Killed an accursed
    69 | D        | Noticed a tyrant
    70 | D        | Reached skill level 27 in Unarmed Combat
    70 | D        | Killed a meat beast
    70 | D        | Killed a meat beast
    71 | D        | Reached skill level 27 in Stealth
    71 | D        | Noticed a meat beast
    71 | D        | Killed a dread
    71 | D        | Killed a dread
    71 | D        | Noticed a meat beast
    71 | D        | Noticed a destroyer
    72 | D        | Killed a large bag of meat
    72 | D        | Killed a tyrant
    72 | D        | Noticed a meat beast
    73 | D        | Noticed a destroyer
    73 | D        | Killed The Captor
    73 | D        | Noticed a meat beast
    73 | D        | Noticed a meat beast
    74 | D        | Noticed a meat beast
    74 | D        | Noticed a destroyer
    75 | D        | Killed a destroyer
    75 | D        | Noticed a destroyer
    75 | D        | Noticed a dread
    76 | D        | Killed a meat beast
    76 | D        | Killed a meat beast
    76 | D        | Noticed a meat beast
    76 | D        | Noticed an accursed
    76 | D        | Noticed a destroyer
    77 | D        | Noticed a dread
    77 | D        | Noticed a large bag of meat
    77 | D        | Noticed a large bag of meat
    77 | D        | Noticed a tyrant
    78 | D        | Killed a meat beast
    78 | D        | Killed a destroyer
    78 | D        | Noticed an accursed
    79 | D        | Noticed a destroyer
    79 | D        | Killed a destroyer
    80 | D        | Killed a large bag of meat
    80 | D        | Killed an accursed
    80 | D        | Killed a meat beast
    80 | D        | Killed a meat beast
    80 | D        | Noticed a destroyer
    80 | D        | Noticed a large bag of meat
    81 | D        | Killed a meat beast
    82 | D        | Killed a destroyer
    82 | D        | Noticed a dread
    82 | D        | Noticed a large bag of meat
    83 | D        | Noticed a meat beast
    83 | D        | Noticed a tyrant
    84 | D        | Noticed a meat beast
    84 | D        | Noticed a tyrant
    85 | D        | Noticed a destroyer
    85 | D        | Killed a meat beast
    85 | D        | Noticed a dread
    85 | D        | Noticed a destroyer
    86 | D        | Killed a large bag of meat
    86 | D        | Killed a destroyer
    86 | D        | Noticed a meat beast
    86 | D        | Noticed a destroyer
    87 | D        | Noticed a destroyer
    87 | D        | Killed a destroyer
    87 | D        | Killed a destroyer
    87 | D        | Noticed The Servant
    87 | D        | Noticed a dread
    87 | D        | Killed a large bag of meat
    87 | D        | Noticed a destroyer
    88 | D        | Noticed an accursed
    88 | D        | Noticed a destroyer
    88 | D        | Killed a meat beast
    88 | D        | HP: 1/228 [accursed/divine providence (13)]
    89 | D        | Killed a dread
    89 | D        | Killed a meat beast
    89 | D        | Noticed a destroyer
    89 | D        | Killed a large bag of meat
    89 | D        | Killed a large bag of meat
    90 | D        | Killed a tyrant
    90 | D        | Noticed a dread
    91 | D        | Noticed an accursed
    91 | D        | Killed an accursed
    91 | D        | Killed an accursed
    91 | D        | Killed a destroyer
    91 | D        | Killed from afar by an accursed

Illustrated notes

Levels and vault maps discovered:
D:        meatsprint

Skill      XL: |  1  2  3  4  5  6  7  8  9 10 11 12 13 14 15 16 17 18 19 20 21 22 23 24 25 26 27 |
---------------+----------------------------------------------------------------------------------+-----
Fighting       | 13 16 19 21 23 24 26 27 | 27.0
Axes           | 9 12 14 16 18 19 22 25 27 | 27.0
Dodging        | 14 17 20 22 24 25 27 | 27.0
Spellcasting   | 8 10 12 14 15 16 18 20 26 27 | 27.0
Invocations    | 11 13 16 18 20 23 25 27 | 27.0
Short Blades   | 8 12 15 17 20 22 24 27 | 27.0
Long Blades    | 8 12 15 17 20 22 24 27 | 27.0
Maces & Flails | 7 11 14 16 18 20 22 27 | 27.0
Polearms       | 7 11 14 16 18 20 22 27 | 27.0
Staves         | 7 11 14 16 19 21 22 27 | 27.0
Slings         | 7 10 13 15 17 19 21 27 | 27.0
Bows           | 7 10 13 15 17 19 21 27 | 27.0
Crossbows      | 7 10 13 15 17 19 21 27 | 27.0
Throwing       | 7 10 13 15 17 19 21 27 | 27.0
Armour         | 8 12 15 18 20 22 24 27 | 27.0
Shields        | 8 12 15 18 20 22 24 27 | 27.0
Evocations     | 8 12 15 18 20 22 24 27 | 27.0
Stealth        | 27 | 27.0
Unarmed Combat | 27 | 27.0

Action                   |  1- 3 |  4- 6 |  7- 9 | 10-12 | 13-15 | 16-18 | 19-21 | 22-24 | 25-27 || total
-------------------------+-------+-------+-------+-------+-------+-------+-------+-------+-------++-------
Melee: Executioner's axe |     1 |       |       |     1 |     3 |     8 |     7 |     9 |    42 ||    71
 Cast: Statue Form       |       |       |       |       |       |     1 |       |       |       ||     1
       Shatter           |       |       |       |       |       |       |       |       |     1 ||     1
Armor: Skin              |       |       |       |       |       |       |     1 |     2 |       ||     3
Dodge: Dodged            |       |       |       |       |       |     2 |     2 |     1 |     4 ||     9
